AoeStats
← kaanve

Nomad

510144243Analyzed
4v4 RM · 2d ago on Sep 29, 2026· 43m 8s· 8 players
Game mode
Random Map
Map size
231×231
Population
200
Speed
Normal
Resources
Standard
Victory
Conquest
Starting age
Dark Age
Ending age
Imperial Age
RankedLock teamsTeams togetherTeam positionsShared explorationLock speedFull tech treeHidden civsTurbo modeCheats
Victory
Defeat
🇯🇵 Huns · Japan
1313
+12
🇭🇰 Bengalis · Hong Kong SAR China
1303
+13
🇨🇳 Mapuche · China
1253
+15
🇨🇳 Japanese · China
1252
+15
🇧🇪 Armenians · Belgium
1301
-17
🇪🇪 Khmer · Estonia
1219
-13
🇹🇷 Varangians · Türkiye
1210
-13
🇹🇷 Huns · Türkiye
1184
-12
不就压个堡
8:36 Loom
13:12 Feudal Age
19:09 Forging
22:27 Fletching
27:29 Castle Age
阿勇哥
4:41 Loom
13:01 Feudal Age
14:49 Double-Bit Axe
19:04 Castle Age
16:48 Horse Collar
21:09 Bow Saw
22:08 Heavy Plow
23:42 Wheelbarrow
25:08 Hand Cart
27:13 Gold Mining
28:21 Scale Barding Armor
28:27 Forging
30:56 Imperial Age
28:26 Stone Mining
29:14 Bloodlines
29:35 Husbandry
29:57 Chain Barding Armor
29:54 Town Watch
31:53 Iron Casting
32:08 Gold Shaft Mining
31:25 Cavalier
33:10 Plate Barding Armor
37:18 Blast Furnace
36:17 Paladin
38:38 Conscription
50232516
5:20 Loom
14:45 Feudal Age
20:02 Castle Age
22:43 Wheelbarrow
24:34 Double-Bit Axe
30:22 Fletching
33:07 Hand Cart
39:16 Fletching
39:27 Padded Archer Armor
41:30 Bodkin Arrow
41:51 Leather Archer Armor
41:42 Scale Barding Armor
大梦谁先觉
7:30 Loom
14:56 Feudal Age
18:51 Castle Age
17:22 Double-Bit Axe
22:18 Bow Saw
23:57 Wheelbarrow
23:58 Fletching
25:31 Gold Mining
25:47 Bodkin Arrow
28:40 Ballistics
29:30 Horse Collar
35:58 Padded Archer Armor
39:17 Imperial Age
37:45 Hand Cart
39:10 Leather Archer Armor
38:58 Husbandry
39:09 Bloodlines
40:13 Heavy Cavalry Archer
41:18 Parthian Tactics
43:01 Bracer
Althing
4:29 Loom
5:18 Loom
14:07 Feudal Age
19:31 Castle Age
18:04 Double-Bit Axe
18:58 Man-at-Arms
20:23 Medium Warships
20:03 Long Swordsman
21:23 Forging
21:13 Scale Mail Armor
21:03 Gambesons
21:26 Horse Collar
21:19 Two-Handed Swordsman
22:02 Squires
25:47 Bow Saw
28:58 Iron Casting
30:06 Horse Collar
33:44 Imperial Age
31:51 Ballistics
32:42 Arson
33:47 Town Watch
34:58 Chain Mail Armor
35:21 Fletching
35:31 Padded Archer Armor
37:33 Chemistry
36:44 Bodkin Arrow
37:38 Bracer
37:54 Leather Archer Armor
37:13 Elite Composite Bowman
38:41 Leather Archer Armor
38:52 Pikeman
41:29 Ring Archer Armor
41:29 Plate Mail Armor
42:00 Blast Furnace
42:45 Wheelbarrow
42:10 Town Patrol
42:36 Halberdier
kaanve
4:02 Loom
14:19 Feudal Age
15:10 Double-Bit Axe
20:37 Castle Age
19:34 Gold Mining
19:35 Fletching
20:21 Padded Archer Armor
21:30 Bow Saw
24:01 Bodkin Arrow
23:56 Fishing Lines
25:04 Gillnets
26:53 Husbandry
27:04 Bloodlines
29:43 Wheelbarrow
29:49 Town Watch
30:27 Elite Skirmisher
32:16 Hand Cart
39:08 Imperial Age
38:29 Pikeman
41:03 Squires
41:26 Murder Holes
Vuki
4:37 Loom
12:43 Feudal Age
13:10 Double-Bit Axe
19:00 Fletching
21:13 Wheelbarrow
22:13 Fishing Lines
25:33 Castle Age
27:50 Forging
27:41 Scale Mail Armor
28:01 Gillnets
28:29 Bow Saw
28:54 Town Watch
30:28 Hand Cart
Senex
5:43 Loom
12:58 Feudal Age
20:23 Castle Age
21:39 Double-Bit Axe
24:51 Bloodlines
25:30 Forging
27:41 Husbandry
27:49 Scale Barding Armor
29:13 Town Watch
31:44 Iron Casting
39:38 Scale Mail Armor
39:57 Pikeman
Connection lost

Rejoining the realm…

Still unreachable

The connection could not be restored.

Session expired

The server has moved on; the page needs a fresh start.